AoeStats
← O grande

Arabian Desert

510165156Analyzed
1v1 RM · 2d ago on Sep 29, 2026· 52m 24s· 2 players
Game mode
Random Map
Map size
Tiny (2 player)
Population
200
Speed
Normal
Resources
Standard
Victory
Conquest
Starting age
Dark Age
Ending age
Imperial Age
RankedLock teamsTeams togetherTeam positionsShared explorationLock speedFull tech treeHidden civsTurbo modeCheats
Victory
Defeat
🇧🇷 Khmer · Brazil
2116
+16
🇫🇷 Poles · France
2114
-16
Dfx2, l'Immondice
9:03 Feudal Age
7:54 Loom
8:24 Loom
9:54 Horse Collar
10:00 Double-Bit Axe
19:33 Castle Age
18:00 Gold Mining
19:38 Fletching
19:59 Scale Mail Armor
19:55 Pikeman
20:49 Bodkin Arrow
21:08 Crossbowman
29:26 Heavy Plow
30:37 Bow Saw
31:01 Scale Barding Armor
32:05 Husbandry
32:15 Bloodlines
33:52 Padded Archer Armor
34:06 Forging
40:05 Imperial Age
38:59 Chain Mail Armor
38:48 Light Cavalry
40:59 Wheelbarrow
41:31 Leather Archer Armor
41:49 Plate Mail Armor
43:32 Iron Casting
43:48 Hand Cart
43:31 Man-at-Arms
44:12 Squires
45:14 Blast Furnace
44:13 Long Swordsman
45:38 Two-Handed Swordsman
46:51 Champion
47:41 Winged Hussar
48:43 Arson
O grande
4:59 Loom
8:35 Feudal Age
9:26 Double-Bit Axe
10:02 Horse Collar
20:12 Castle Age
18:57 Gold Mining
19:39 Scale Barding Armor
20:26 Forging
20:38 Bloodlines
20:26 Light Cavalry
24:24 Chain Barding Armor
28:46 Bow Saw
28:39 Heavy Plow
31:35 Wheelbarrow
33:36 Hand Cart
35:21 Iron Casting
35:15 Scale Mail Armor
34:37 Pikeman
39:44 Imperial Age
38:03 Town Watch
39:57 Halberdier
41:11 Chain Mail Armor
41:58 Plate Barding Armor
42:20 Ballistics
43:03 Chemistry
44:35 Ballistics
46:55 Cavalier
47:47 Husbandry
52:18 Conscription
Connection lost

Rejoining the realm…

Still unreachable

The connection could not be restored.

Session expired

The server has moved on; the page needs a fresh start.